 Dungeon Crawl Stone Soup version 0.30.1-11-g7821555f0a (webtiles) character file.

Game seed: 12190553288102500115

3762 jagang the Trooper (level 10, -7/79 HPs)
             Began as a Human Monk on Dec 27, 2023.
             Was a Priest of the Shining One.
             Mangled by a two-headed ogre
             ... wielding a +0 giant spiked club
              (21 damage)
             ... on level 9 of the Dungeon.
             The game lasted 00:21:20 (6347 turns).

jagang the Trooper (Human Monk)                     Turns: 6347, Time: 00:21:21

Health: -7/79      AC: 15    Str: 11    XL:     10   Next: 38%
Magic:  14/14      EV:  9    Int: 11    God:    the Shining One [***...]
Gold:   450        SH:  0    Dex: 20    Spells: 9/9 levels left

rFire   . . .        w - +0 long sword (elec)
rCold   . . .        (no shield)
rNeg    + . .        f - +0 plate armour
rPois   .            p - +1 hat
rElec   .            (no cloak)
rCorr   .            r - +0 pair of gloves
SInv    .            (no boots)
Will    .....        i - amulet of regeneration Stlth
                     a - +5 ring of evasion
HPRegen 1.13/turn    (no ring)
MPRegen 0.14/turn

%: no passive effects
@: glowing
A: no striking features
a: Renounce Religion, Divine Shield, Cleansing Flame


You were on level 9 of the Dungeon.
You worshipped the Shining One.
The Shining One was most pleased with you.
You visited 1 branch of the dungeon, and saw 9 of its levels.

You collected 492 gold pieces.
You spent 42 gold pieces at shops.

Inventory:

Hand Weapons
 n - a +0 scimitar
 w - a +0 long sword of electrocution (weapon)
Armour
 f - a +0 plate armour (worn)
 p - a +1 hat (worn)
 r - a +0 pair of gloves (worn)
 G - a +0 buckler
Jewellery
 a - a +5 ring of evasion (left hand)
 i - an amulet of regeneration (around neck)
 x - a ring of fire
 I - a ring of ice
Wands
 t - a wand of digging (4)
 D - a wand of iceblast (14) (quivered)
Scrolls
 b - a scroll of vulnerability
 j - a scroll of enchant weapon
 k - a scroll of teleportation
 l - 3 scrolls of enchant armour
 s - a scroll of poison
 u - 4 scrolls of fear
 y - a scroll of fog
 A - a scroll of immolation
 B - a scroll of magic mapping
 C - a scroll of amnesia {unknown}
 E - a scroll of blinking
Potions
 c - 4 potions of ambrosia
 d - a potion of brilliance {unknown}
 e - 2 potions of mutation
 g - a potion of haste {unknown}
 h - 3 potions of curing
 o - 3 potions of might {unknown}
 q - a potion of heal wounds {unknown}
 v - a potion of attraction {unknown}
 z - a potion of magic {unknown}
 F - 2 potions of lignification {unknown}
 H - 2 potions of flight {unknown}


   Skills:
 + Level 7.4 Fighting
 + Level 7.4 Long Blades
 + Level 3.0 Throwing
 + Level 6.7 Armour
 - Level 3.0 Dodging
 + Level 4.2 Shields
 + Level 5.9 Invocations
 - Level 2.0 Evocations


You had 9 spell levels left.
You didn't know any spells.
Your spell library contained the following spells:

 Spells                   Type           Power      Damage    Failure   Level
 Necrotise                Necr           0%         1d4       100%        1
 Ensorcelled Hibernation  Hex/Ice        0%         N/A       100%        2
 Lesser Beckoning         Tloc           0%         N/A       100%        2
 Gell's Gravitas          Tloc           0%         N/A       100%        3
 Spider Form              Tmut/Pois      0%         N/A       100%        3
 Teleport Other           Tloc           0%         N/A       100%        3
 Vampiric Draining        Necr           0%         2d6       100%        3
 Anguish                  Hex/Necr       0%         N/A       100%        4
 Agony                    Necr           0%         N/A       100%        5


Dungeon Overview and Level Annotations

Branches:
Dungeon (9/15)             Temple (0/1) D:4
   Lair: D:8-11         Orc: D:9-12

Altars:
Cheibriados
Dithmenos
Fedhas
Kikubaaqudgha
Qazlal
Ru
The Shining One

Shops:
D:1 *   D:5 :

Annotations:
D:8 2 transporters, 2 runed translucent doors, jurchenman's ghost, novice MiFi


Message History

You throw a poisoned dart.
The poisoned dart hits the two-headed ogre.
The two-headed ogre is poisoned.
You throw a poisoned dart.
The poisoned dart hits the two-headed ogre.
The two-headed ogre looks even sicker.
The two-headed ogre is lightly wounded.
Aiming: Iceblast
Press: ? - help, Q - select action, (/) - cycle Shift-Dir - straight line, f/p - two-headed ogre
Aim: a two-headed ogre, wielding two +0 giant spiked clubs (very poisoned, haloed)
The mass of ice explodes!
The iceblast engulfs the two-headed ogre.
The two-headed ogre is lightly wounded.
You hit the two-headed ogre but do no damage.
The two-headed ogre is lightly wounded.
The two-headed ogre barely misses you.
The two-headed ogre hits you with a +0 giant spiked club.
You slash the two-headed ogre!
The two-headed ogre is moderately wounded.
You slash the two-headed ogre!
The two-headed ogre is heavily wounded.
The two-headed ogre hits you with a +0 giant spiked club!
The two-headed ogre hits you but does no damage.
You slash the two-headed ogre!
The two-headed ogre is almost dead.
The two-headed ogre hits you with a +0 giant spiked club! x2
You hit the two-headed ogre but do no damage.
The two-headed ogre is almost dead.
You hit the two-headed ogre but do no damage.
The two-headed ogre is almost dead.
The two-headed ogre hits you but does no damage. x2
You completely miss the two-headed ogre.
The two-headed ogre is almost dead.
The two-headed ogre hits you with a +0 giant spiked club!
* * * LOW HITPOINT WARNING * * *
The two-headed ogre hits you but does no damage.
You hit the two-headed ogre.
The two-headed ogre is almost dead.
The two-headed ogre hits you with a +0 giant spiked club!!
You die...

## .# # # #.##.. ##. ..(.
... ####..###..
.##.####...(.(#...
........(..((.O@)...(...
........#.......))..(....
...............#####.####
..(...........<....#.#
..........###.[..)...#
...........#..♣.....###
###.#........#P..~♣♣......P~
..
#.....[..........~~..###..~♣
P... .#.#..<[......~♣~~.P.#
~P P..(


You could see a two-headed ogre (poisoned).

Vanquished Creatures
  Grinder (D:5)
  A troll (D:8)
  A steam dragon (D:9)
  An acid dragon (D:8)
  A water moccasin (D:5)
  2 orc warriors
  An ice beast (D:5)
  3 black bears
  A sky beast (D:7)
  An ogre (D:7)
  2 centaurs
  A phantom (D:7)
  4 bullfrogs
  A kobold brigand (D:6)
  A gnoll sergeant (D:9)
  3 scorpions
  3 wights (D:8)
  15 killer bees
  2 electric eels (D:9)
  3 howler monkeys
  2 jellies
  4 hounds
  2 sleepcaps (D:7)
  An iron imp (D:6)
  An orc wizard (D:9)
  Natasha (D:3)
  3 gnolls (D:9)
  5 adders
  A shadow imp (D:6)
  2 white imps
  3 ufetubi
  2 worms (D:3)
  2 dart slugs
  7 orcs
  10 ball pythons
  5 bats
  3 endoplasms
  3 giant cockroaches
  3 goblins
  10 hobgoblins
  2 jackals (D:1)
  A quokka (D:5)
  3 frilled lizards
  9 kobolds
  4 rats
137 creatures vanquished.

Vanquished Creatures (others)
  An orc wizard (D:9)
1 creature vanquished.

Grand Total: 138 creatures vanquished

Notes
Turn   | Place    | Note
-------+----------+-------------------------------------------
     0 | D:1      | jagang the Human Monk began the quest for the Orb.
     0 | D:1      | Reached XP level 1. HP: 18/18 MP: 1/1
    50 | D:1      | Found Vutuxyif's General Store.
    98 | D:1      | Reached XP level 2. HP: 24/24 MP: 2/2
   402 | D:1      | Reached skill level 1 in Armour
   714 | D:1      | Bought a scroll of identify for 28 gold pieces
   769 | D:2      | Reached XP level 3. HP: 25/29 MP: 3/3
  1084 | D:2      | Found a shadowy altar of Dithmenos.
  1349 | D:1      | Bought a potion of degeneration for 14 gold pieces
  1431 | D:3      | Noticed a black bear
  1504 | D:3      | Noticed Natasha
  1519 | D:3      | Killed Natasha
  1520 | D:3      | Reached XP level 4. HP: 32/37 MP: 4/4
  1557 | D:3      | Found a faded altar of an unknown god.
  1649 | D:3      | Found a glowing golden altar of the Shining One.
  1662 | D:3      | Became a worshipper of the Shining One
  1662 | D:3      | Reached * piety under the Shining One
  1662 | D:3      | Reached ** piety under the Shining One
  1923 | D:3      | Killed a black bear
  1924 | D:3      | Reached XP level 5. HP: 25/42 MP: 5/5
  2278 | D:4      | Found a sacrificial altar of Ru.
  2510 | D:4      | Noticed a black bear
  2512 | D:4      | Reached XP level 6. HP: 48/48 MP: 6/6
  2516 | D:4      | Killed a black bear
  2545 | D:4      | Found a staircase to the Ecumenical Temple.
  2859 | D:5      | Entered Level 5 of the Dungeon
  2892 | D:5      | Found a blossoming altar of Fedhas.
  2972 | D:5      | Noticed a water moccasin
  2983 | D:5      | Killed a water moccasin
  2984 | D:5      | Reached XP level 7. HP: 42/55 MP: 7/7
  3015 | D:5      | Noticed Grinder
  3015 | D:5      | Paralysed by Grinder for 3 turns
  3028 | D:5      | Paralysed by Grinder for 3 turns
  3032 | D:5      | Killed Grinder
  3033 | D:5      | Reached skill level 5 in Fighting
  3033 | D:5      | Reached skill level 5 in Long Blades
  3033 | D:5      | Reached skill level 1 in Throwing
  3033 | D:5      | Reached skill level 1 in Invocations
  3033 | D:5      | Reached skill level 1 in Evocations
  3055 | D:5      | Reached XP level 8. HP: 62/62 MP: 9/9
  3059 | D:5      | Found Paoski's Book Shoppe.
  3311 | D:5      | Found an ancient bone altar of Kikubaaqudgha.
  3893 | D:6      | Found a snail-covered altar of Cheibriados.
  3905 | D:6      | Found a stormy altar of Qazlal.
  4030 | D:6      | Reached skill level 5 in Armour
  4340 | D:6      | Reached XP level 9. HP: 69/69 MP: 11/11
  4508 | D:7      | Reached skill level 1 in Shields
  4815 | D:7      | Identified the +6 flail "Boree" {pain, Drain rElec rF+
                  | MP+9}
  5116 | D:8      | Found a transporter.
  5129 | D:8      | Reached *** piety under the Shining One
  5138 | D:8      | Noticed a kobold demonologist
  5149 | D:8      | Found a transporter.
  5169 | D:8      | Noticed a kobold demonologist
  5265 | D:8      | Found a large runed translucent door.
  5265 | D:8      | Found a large runed translucent door.
  5267 | D:8      | Noticed jurchenman's ghost (novice MiFi)
  5365 | D:8      | Reached skill level 5 in Invocations
  5744 | D:8      | Reached XP level 10. HP: 68/77 MP: 13/13
  6334 | D:9      | Noticed a two-headed ogre
  6347 | D:9      | Mangled by a two-headed ogre

Illustrated notes

Levels and vault maps discovered:
D:1:      ldierk_walled_garden_2, layout_basic, serial_shops, shop
D:2:      layout_loops_ring, basic_altar
D:3:      layout_loops_ring, lemuel_round_altar,
          hellmonk_ecumenical_altar_zigzags, grunt_ministairs_9, uniq_natasha
D:4:      layout_loops_ring, nicolae_ru_awakened_eye,
          minmay_temple_entry_large_hall
D:5:      layout_gridville, mainiacjoe_overflow_tiny_flanked,
          mainiacjoe_overflow_alcove_4, serial_bayou, serial_bayou_pond_c,
          serial_bayou_crossing, serial_bayou_pond_d, serial_bayou_pond_e,
          serial_shops, nicolae_shop_statue_plus, uniq_grinder
D:6:      cheibrodos_thug_alley, layout_cave_pools, slow_altar_2,
          grunt_qazlal_sundering, kennysheep_donut, grunt_decor_fettered,
          roderic_nine_men_s_morris
D:7:      layout_loops_ring
D:8:      gammafunk_wand_slinger, layout_rooms, ebering_ghost_disaster_area
D:9:      layout_rooms, serial_bayou, serial_bayou_pond_a, serial_bayou_shore_a,
          serial_bayou_lagoon_a, serial_bayou_pond_b, serial_bayou_lake_a

Skill      XL: |  1  2  3  4  5  6  7  8  9 10 |
---------------+-------------------------------+-----
Armour         | 1 2 3 4 5 6 |  6.7
Fighting       | 4 5 6 7 |  7.4
Long Blades    | 4 5 6 7 |  7.4
Throwing       | 1 3 |  3.0
Invocations    | 1 3 5 |  5.9
Evocations     | 1 2 |  2.0
Shields        | 3 4 |  4.2
Dodging        | |  3.0

Action                     |  1- 3 |  4- 6 |  7- 9 | 10-12 || total
---------------------------+-------+-------+-------+-------++-------
  Melee: Falchion          |    81 |    41 |       |       ||   122
         Long sword        |       |    42 |   200 |    89 ||   331
         Punch             |       |     1 |     2 |     1 ||     4
  Throw: Boomerang         |       |     3 |    18 |       ||    21
         Dart              |       |       |     3 |    21 ||    24
  Evoke: Wand              |       |       |       |     1 ||     1
    Use: Scroll            |     2 |     1 |     9 |     1 ||    13
         Potion            |       |       |     1 |     2 ||     3
 Armour: Robe              |     2 |       |       |       ||     2
         Plate armour      |    58 |    61 |   154 |   104 ||   377
  Dodge: Dodged            |    16 |    20 |   112 |    87 ||   235
